Map: Year Zero LE

Players

dark

  • Race: Zerg Zerg
  • Spawn Location: 11:00

Stats - Winner!

  • Race: Protoss Protoss
  • Spawn Location: 1:00

Event: IEM Season 13: Katowice (2019)

VOD

Have the link to the VOD?

Description

Time

  • Played on: March 3, 2019, 6:09 a.m.
  • Length: 11:40

All games in this series

Show
View Real Time Build Order
Export as new Build Order

dark Zerg 

Build Orders: Hatch First 

Get SALT Encoding   

  12  0:00  Drone  
  13  0:13  Overlord  
  13  0:17  Drone  
  14  0:31  Drone x2  
  16  0:36  Drone  
  17  0:52  Hatchery  
  17  0:56  Drone  
  17  1:01  Drone  
  18  1:11  Extractor  
  17  1:14  Spawning Pool  
  17  1:16  Drone  
  17  1:22  Drone  
  18  1:31  Drone  
  19  1:40  Drone  
  20  1:51  Drone  
  20  1:52  Hatchery  
  20  2:04  Queen, Drone  
  20  2:08  Drone  
  24  2:17  Queen  
  24  2:22  Overlord  
  26  2:28  Drone  
  26  2:29  Drone  
  28  2:37  Metabolic Boost  
  28  2:40  Zergling x2  
  28  2:43  Drone x2  
  31  2:46  Drone  
  32  2:52  Queen  
  32  2:55  Drone  
  32  2:56  Drone  
  36  3:06  Overlord  
  36  3:24  Queen, Overlord  
  36  3:25  Drone  
  36  3:26  Drone x3  
  42  3:28  Spore Crawler  
  42  3:33  Overlord  
  41  3:34  Drone  
  41  3:39  Lair  
  42  3:44  Drone x4  
  46  3:49  Overlord  
  46  3:52  Extractor  
  46  3:53  Zergling x4  
  46  3:54  Drone  
  48  3:57  Drone  
  48  3:58  Drone  
  50  4:03  Overlord  
  50  4:09  Drone x2  
  55  4:10  Zergling x2  
  55  4:15  Zergling x8  
  56  4:22  Drone  
  56  4:23  Drone x4  
  56  4:24  Drone  
  61  4:32  Drone x3  
  61  4:34  Drone  
  61  4:38  Overlord, Hydralisk Den  
  65  4:40  Extractor, Drone  
  65  4:41  Extractor  
  63  4:46  Drone  
  63  4:47  Drone  
  65  4:53  Overlord  
  65  4:58  Overlord x2  
  65  4:59  Drone x2  
  67  5:05  Overlord x2  
  67  5:08  Hydralisk x2  
  67  5:11  Hydralisk x2  
  67  5:12  Hydralisk  
  76  5:23  Hydralisk x2  
  76  5:24  Hydralisk x2  
  76  5:27  Drone x2  
  85  5:30  Grooved Spines  
  85  5:36  Hydralisk  
  87  5:43  Overseer  
  87  5:45  Drone x5  
  87  5:46  Drone x2  
  94  5:50  Drone, Baneling Nest  
  94  5:52  Hydralisk x2  
  94  5:53  Extractor  
  94  5:55  Overlord  
  94  5:56  Overlord  
  97  6:01  Hydralisk x2  
  98  6:12  Drone x3  
  98  6:14  Hydralisk, Drone x2  
  98  6:15  Hydralisk  
  107  6:21  Drone  
  107  6:23  Drone x3  
  107  6:25  Evolution Chamber  
  109  6:28  Hydralisk x3  
  109  6:32  Zergling x6  
  117  6:40  Baneling x3  
  117  6:41  Baneling x2  
  117  6:45  Centrifical Hooks  
  117  6:46  Zergling x2  
  121  6:47  Zergling x12  
  123  6:55  Zerg Melee Weapons Level 1  
  123  6:56  Zergling x10  
  123  6:58  Baneling x3  
  128  7:04  Zergling x2  
  128  7:07  Overlord x3  
  128  7:08  Baneling x3  
  129  7:09  Baneling  
  129  7:11  Baneling x2  
  129  7:14  Overlord  
  129  7:27  Zergling x16, Hatchery  
  129  7:28  Baneling  
  129  7:29  Baneling  
  136  7:30  Baneling  
  136  7:33  Hydralisk x2  
  136  7:35  Baneling x2  
  140  7:37  Hydralisk x2  
  140  7:41  Muscular Augments  
  140  7:43  Hydralisk  
  146  7:50  Hydralisk  
  148  8:00  Zergling x18  
  148  8:02  Baneling x8  
  155  8:06  Hydralisk  
  155  8:10  Overlord  
  157  8:14  Overlord  
  157  8:16  Zergling x2  
  157  8:17  Zergling x6  
  161  8:33  Zergling x2, Baneling x4  
  161  8:34  Zergling x20  
  168  8:36  Baneling x10  
  168  8:37  Baneling x2  
  168  8:39  Zergling x8  
  175  8:44  Zergling x2  
  175  8:45  Zergling x4  
  173  8:53  Zergling x8  
  168  8:58  Hydralisk  
  168  8:59  Zergling x4  
  171  9:03  Baneling x4  
  171  9:05  Zergling x8  
  171  9:07  Zergling x2  
  171  9:08  Zergling x2  
  177  9:11  Baneling  
  177  9:17  Hydralisk x2  
  173  9:20  Zergling x6  
  177  9:25  Hydralisk x2  
  177  9:30  Zergling x8  
  178  9:37  Overlord x2  
  178  9:39  Baneling x2  
  178  9:40  Baneling x5  
  178  9:41  Baneling x2  
  178  9:42  Zergling x2, Baneling  
  178  9:43  Zergling x8  
  181  9:49  Hydralisk  
  181  9:50  Hydralisk  
  180  9:55  Hydralisk  
  180  9:56  Hydralisk  
  163  10:04  Hydralisk x3  
  163  10:05  Hydralisk  
  156  10:09  Zergling x2  
  156  10:10  Zergling x10  
  156  10:13  Hydralisk x3  
  155  10:14  Drone x2  
  155  10:15  Drone x2  
  155  10:18  Drone  
  159  10:24  Baneling x3  
  159  10:36  Drone  
  159  10:37  Drone x4, Hatchery  
  159  10:38  Extractor  
  163  10:44  Zergling x22  
  163  10:45  Overseer  
  163  10:47  Zergling x2  
  166  11:00  Baneling x14  
  166  11:01  Zergling x18  
  166  11:03  Baneling x2  
  164  11:05  Baneling x4  
  164  11:06  Baneling x3  
  164  11:09  Baneling x2  
  164  11:10  Zergling x8  
  163  11:22  Zergling x4  
Show
View Real Time Build Order
Export as new Build Order

Stats Protoss - Winner!

Build Orders: 1 Gate Expand, Archon Immortal 

Get SALT Encoding   

  12  0:00  Probe  
  13  0:12  Probe  
  14  0:21  Pylon  
  14  0:25  Probe  
  15  0:36  Probe  
  16  0:44  Gateway, Probe  
  16  0:49  Assimilator  
  17  0:54  Probe  
  18  1:06  Probe  
  19  1:18  Probe  
  20  1:25  Nexus  
  20  1:35  Cybernetics Core  
  20  1:37  Probe  
  21  1:43  Assimilator  
  21  1:49  Probe  
  22  1:55  Pylon  
  22  2:01  Probe  
  22  2:04  Stalker  
  23  2:14  Probe  
  23  2:15  Warp Gate  
  26  2:26  Probe  
  27  2:32  Robotics Facility  
  27  2:33  Adept, Probe  
  27  2:34  Probe  
  29  2:41  Probe  
  29  2:42  Probe  
  33  2:51  Probe  
  33  2:52  Probe  
  35  3:03  Probe  
  35  3:04  Sentry, Probe  
  39  3:09  Warp Prism  
  39  3:13  Gateway  
  39  3:15  Probe  
  39  3:16  Probe  
  41  3:26  Pylon  
  43  3:29  Probe x2  
  43  3:34  Assimilator  
  45  3:36  Assimilator  
  45  3:40  Probe  
  45  3:41  Probe  
  46  3:42  Pylon  
  46  3:46  Observer  
  48  3:48  Probe  
  48  3:53  Probe  
  48  3:54  Forge  
  50  3:58  Probe  
  51  4:03  Protoss Ground Weapons Level 1  
  51  4:05  Probe  
  51  4:07  Stalker x2  
  56  4:15  Probe  
  56  4:16  Immortal  
  61  4:19  Pylon  
  61  4:25  Probe  
  62  4:39  Probe x2, Pylon  
  64  4:53  Adept x2, Pylon  
  72  5:00  Immortal  
  72  5:06  Twilight Council  
  72  5:21  Protoss Ground Weapons Level 2  
  72  5:29  Gateway  
  72  5:30  Gateway  
  72  5:32  Pylon  
  72  5:39  Immortal  
  76  5:46  Nexus  
  76  5:48  Charge  
  76  5:50  Templar Archives  
  76  5:52  Gateway  
  76  5:54  Gateway  
  76  6:01  Pylon  
  76  6:12  Sentry x2  
  76  6:17  Gateway  
  80  6:19  Gateway  
  80  6:22  Probe x2  
  80  6:24  Pylon  
  82  6:26  Immortal  
  82  6:29  High Templar  
  82  6:30  High Templar  
  90  6:35  Archon  
  90  6:41  Probe x2  
  90  6:47  Zealot, High Templar x2  
  94  6:49  Shield Battery  
  94  6:53  Probe x2  
  100  6:55  Archon  
  100  6:57  Zealot  
  102  7:03  Probe  
  102  7:05  Probe x2  
  102  7:08  High Templar x2  
  109  7:09  Protoss Ground Weapons Level 3  
  109  7:12  Archon  
  109  7:14  Zealot x3  
  115  7:19  Assimilator  
  115  7:20  Zealot x3, Assimilator  
  121  7:23  Pylon  
  121  7:26  Pylon  
  121  7:35  Psionic Storm  
  121  7:38  Zealot  
  123  7:47  Zealot x2  
  123  7:49  Pylon  
  123  7:51  Zealot  
  129  8:06  Zealot x2, High Templar x2  
  129  8:07  Probe x3  
  129  8:11  Pylon  
  129  8:12  Immortal, Pylon  
  140  8:17  High Templar  
  142  8:25  Zealot  
  148  8:33  Pylon  
  148  8:45  High Templar x2  
  148  8:46  Zealot x5  
  160  8:48  Photon Cannon  
  154  8:56  High Templar  
  154  8:58  Immortal  
  160  9:21  Zealot x4, High Templar x2  
  172  9:28  Archon  
  166  9:31  Pylon  
  164  9:44  Nexus  
  160  9:47  Zealot x6  
  132  10:12  Immortal  
  132  10:13  High Templar x4  
  137  10:14  Zealot x4  
  137  10:16  Probe x3  
  137  10:19  Archon  
  137  10:20  Archon  
  148  10:35  Photon Cannon  
  148  10:36  Pylon  
  148  10:37  Probe x3  
  149  10:47  Zealot x2  
  151  11:03  High Templar x4  
  159  11:04  Zealot x2  
  159  11:07  Archon x2  
  159  11:08  Zealot  
  159  11:09  Zealot  
  145  11:28  Archon  
  145  11:31  Zealot x4  
  140  11:35  Archon  
  140  11:36  Zealot x2  
  140  11:37  Zealot x2  

Tags
 
Add a new tag
Caveats
  • Supply blocks, unpowered buildings, or Contaminate may cause inaccurate times.
  • Supply counts are checked every 10 seconds.